 Dungeon Crawl Stone Soup version 0.30-a0-948-g4fa250aae5 (webtiles) character file.

Game seed: 3494270828609597782

329 Iniera the Conjurer (level 6, 0/34 HPs)
             Began as a Kobold Conjurer on Mar 26, 2023.
             Slain by a bullfrog (7 damage)
             ... in a sewer.
             The game lasted 00:04:57 (1464 turns).

Iniera the Conjurer (Kobold Conjurer)               Turns: 1464, Time: 00:04:58

Health: 0/34       AC:  5    Str:  4    XL:     6   Next: 80%
Magic:  3/13       EV: 11    Int: 21    God:
Gold:   61         SH:  0    Dex: 14    Spells: 4/15 levels left

rFire   + . .      SeeInvis +    (weapon restricted)
rCold   + . .      Faith    .    (no shield)
rNeg    . . .      Spirit   .    i - +0 leather armour
rPois   +          Reflect  .    (no helmet)
rElec   +          Rampage  .    (no cloak)
rCorr   +                        f - +1 pair of gloves
Will    .....                    (no boots)
Stlth   +++                      d - amulet of magic regeneration
HPRegen 0.25/turn                e - ring of see invisible
MPRegen 0.53/turn                (no ring)

@: resistant, very slightly contaminated, constricted
A: small, no large weapons, nightstalker 3
a: no special abilities


You were in a sewer.
You visited 1 branch of the dungeon, and saw 3 of its levels.
You also visited: Sewer.

You collected 61 gold pieces.

Inventory:

Armour
 f - a +1 pair of gloves (worn)
 i - a +0 leather armour (worn)
Jewellery
 d - an amulet of magic regeneration (around neck)
 e - a ring of see invisible (left hand)
 h - a +5 ring of evasion
Wands
 n - a wand of charming (4)
Scrolls
 k - a scroll of noise {unknown}
 m - a scroll of magic mapping
 p - 2 scrolls of blinking
Potions
 a - a potion of curing
 b - a potion of magic
 c - 2 potions of resistance
 g - a potion of flight {unknown}
 j - a potion of mutation {unknown}
 l - a potion of attraction {unknown}
 q - a potion of brilliance {unknown}


   Skills:
 + Level 1.2 Fighting
 + Level 2.9 Dodging
 + Level 3.4 Stealth
 + Level 5.2 Spellcasting
 + Level 5.2 Conjurations


You had 4 spell levels left.
You knew the following spells:

 Your Spells              Type           Power      Damage    Failure   Level
a - Magic Dart            Conj           100%       1d8       2%          1
b - Searing Ray           Conj           54%        2d6       3%          2
c - Fulminant Prism       Conj/Hex       8%         3d7       54%         4
d - Iskenderun's Mystic   Conj/Tloc      16%        2d5       54%         4

Your spell library contained the following spells:

 Spells                   Type           Power      Damage    Failure   Level
 Dazzling Flash           Conj/Hex       32%        N/A       19%         3


Dungeon Overview and Level Annotations

Branches:
Dungeon (3/15)              Sewer (1/1)

Altars:


Innate Abilities, Weirdness & Mutations

You are small and have problems with some larger weapons.
You are completely attuned to the shadows.


Message History

The searing ray hits the bullfrog!
The bullfrog is almost dead. (Press . to maintain the ray.)
The searing ray hits the adder!
You kill the adder!
The searing ray misses the bullfrog.
The bullfrog closely misses you.
Unknown command.
It was a potion of resistance.
You feel protected.
The ball python bites you but does no damage.
The ball python misses you. The bullfrog barely misses you.
The ball python barely misses you. The ball python misses you.
The ball python closely misses you. The ball python barely misses you.
You feel better. The ball python barely misses you. The ball python grabs you.
The ball python constricts you. The bullfrog barely misses you.
The bullfrog hits you but does no damage.
The ball python closely misses you.
Casting: Searing Ray (safe; 3% risk of failure)
Confirm with . or Enter, or press ? or * to list all spells.
Aiming: Magic Dart (safe; 2% risk of failure)
Press: ? - help, Shift-Dir - straight line, f/p - bullfrog
Aim: a bullfrog (almost dead, 100% to hit)
The magic dart hits the bullfrog.
The bullfrog is almost dead.
The bullfrog closely misses you. The ball python closely misses you.
The ball python constricts you. The bullfrog barely misses you.
The ball python barely misses you. The bullfrog barely misses you.
The ball python misses you. The ball python constricts you.
Unknown command.
Casting: Magic Dart (safe; 2% risk of failure)
Confirm with . or Enter, or press ? or * to list all spells.
Aiming: Magic Dart (safe; 2% risk of failure)
Press: ? - help, Shift-Dir - straight line, f/p - bullfrog
Aim: a bullfrog (almost dead, 100% to hit)
The magic dart hits the bullfrog!
You kill the bullfrog!
The bullfrog hits you.
* * * LOW HITPOINT WARNING * * *
The ball python closely misses you. The bullfrog hits you!
You die...

###################
.#~~≈≈~~S~~≈≈≈≈≈≈..###
.~≈≈≈≈#~F@~≈≈~≈≈~~...##
.~SS~~~≈S~≈~~~~~~.....#
..≈~~~~≈≈≈≈~~~~~~....†#
.~≈≈≈~≈≈≈≈≈≈≈~≈~≈.....##
.#~≈≈≈≈≈≈≈≈≈≈≈≈≈~...†..#
##################....#
####...## #..#....#
#..'....#


You could see a bullfrog and 2 ball pythons.

Vanquished Creatures
  Sigmund (D:2)
  A bullfrog (Sewer)
  Jessica (D:2)
  6 adders
  2 river rats (Sewer)
  A worm (D:2)
  A dart slug (D:2)
  6 bats
  5 endoplasms
  3 giant cockroaches
  4 goblins
  5 hobgoblins
  15 ball pythons
  A frilled lizard (D:1)
  A kobold (D:3)
  28 rats
81 creatures vanquished.

Notes
Turn   | Place    | Note
-------+----------+-------------------------------------------
     0 | D:1      | Iniera the Kobold Conjurer began the quest for the Orb.
     0 | D:1      | Reached XP level 1. HP: 10/10 MP: 3/3
   273 | D:1      | Reached XP level 2. HP: 15/15 MP: 3/5
   282 | D:1      | Learned a level 2 spell: Searing Ray
   371 | D:1      | You fall into a shaft and drop 1 floor!
   485 | D:2      | Reached XP level 3. HP: 19/19 MP: 5/7
   696 | D:2      | Noticed Sigmund
   706 | D:2      | Killed Sigmund
   707 | D:2      | Reached skill level 5 in Spellcasting
   707 | D:2      | Reached skill level 5 in Conjurations
   707 | D:2      | Reached XP level 4. HP: 12/24 MP: 2/11
   707 | D:2      | Reached XP level 5. HP: 14/28 MP: 2/12
   707 | D:2      | Reached XP level 6. HP: 16/32 MP: 2/13
   712 | D:2      | Learned a level 4 spell: Fulminant Prism
   717 | D:2      | Learned a level 4 spell: Iskenderun's Mystic Blast
   898 | D:2      | Noticed Jessica
   901 | D:2      | Killed Jessica
  1174 | D:3      | Found a glowing drain.
  1184 | Sewer    | Entered a sewer
  1302 | Sewer    | Reached skill level 1 in Fighting
  1457 | Sewer    | HP: 1/34 [bullfrog (6)]
  1464 | Sewer    | Slain by a bullfrog

Illustrated notes

Levels and vault maps discovered:
D:1:      lightli_arrival_lavapool, layout_loops_ring
D:2:      layout_rooms, minmay_distorted, uniq_sigmund, uniq_jessica
D:3:      minmay_recursive_quarters, layout_rooms, cheibrodos_sewer_entry_drain,
          kennysheep_generic_room_13
Sewer:    sewer_minmay_w

Skill      XL: |  1  2  3  4  5  6 |
---------------+-------------------+-----
Spellcasting   | 3 5 |  5.2
Conjurations   | 5 |  5.2
Stealth        | 3 |  3.4
Fighting       | 1 |  1.2
Dodging        | |  2.9

Action                     |  1- 3 |  4- 6 || total
---------------------------+-------+-------++-------
   Cast: Magic Dart        |    53 |    76 ||   129
         Searing Ray       |     3 |     9 ||    12
    Use: Scroll            |     1 |     6 ||     7
         Potion            |       |     2 ||     2
 Armour: Robe              |     1 |       ||     1
         Leather armour    |     3 |    10 ||    13
  Dodge: Dodged            |     7 |    47 ||    54

Table legend: (Time is in decaauts)
 A = Elapsed time spent in this place.
 B = Non-inter-level travel time spent in this place.
 C = Inter-level travel time spent in this place.
 D = Time resting spent in this place.
 E = Time spent auto-exploring this place.
 F = Levels seen in this place.
 G = Mean time per level.
                   A        B        C        D        E       F      G
               +--------+--------+--------+--------+--------+-----+--------+
         Total |   1500 |   1473 |     27 |    111 |    990 |   4 |  375.0 |
       Dungeon |   1185 |   1158 |     27 |    111 |    794 |   3 |  395.0 |
         Sewer |    314 |    314 |      0 |      0 |    196 |   1 |  314.0 |
               +--------+--------+--------+--------+--------+-----+--------+

Top non-repeatable levels by time:
     D:2: 759 daAuts
     D:1: 372 daAuts
   Sewer: 314 daAuts
     D:3: 53 daAuts
